Map: Tokamak LE

Players

MaxPax - Winner!

  • Race: Protoss Protoss
  • Spawn Location: 7:00

FalconsSolar (Solar)

  • Race: Zerg Zerg
  • Spawn Location: 1:00

VOD

Have the link to the VOD?

Description

Time

  • Played on: May 13, 2025, 9:56 p.m.
  • Length: 10:04
Show
View Real Time Build Order
Export as new Build Order

MaxPax Protoss - Winner!

Build Orders: 1 Gate Expand, Oracle Opening, Zealot Archon 

Get SALT Encoding   

  12  0:00  Probe  
  13  0:12  Probe  
  14  0:19  Pylon  
  14  0:24  Probe  
  15  0:33  Probe  
  15  0:40  Gateway  
  15  0:41  Probe  
  16  0:47  Assimilator  
  17  0:52  Probe  
  18  1:04  Probe  
  19  1:16  Probe  
  20  1:22  Nexus  
  20  1:31  Cybernetics Core  
  20  1:35  Probe  
  21  1:40  Assimilator  
  22  1:47  Probe  
  22  1:49  Pylon  
  22  1:58  Probe  
  23  2:06  Probe  
  23  2:07  Adept  
  25  2:14  Stargate, Probe  
  26  2:22  Warp Gate  
  27  2:25  Probe  
  28  2:31  Probe  
  29  2:37  Adept, Probe  
  29  2:39  Probe  
  33  2:47  Oracle  
  33  2:49  Probe x2  
  38  3:01  Probe x2  
  38  3:05  Pylon  
  40  3:07  Adept  
  42  3:13  Probe x2  
  44  3:25  Probe  
  44  3:26  Oracle, Probe  
  49  3:34  Nexus  
  49  3:37  Probe  
  49  3:38  Probe  
  51  3:42  Pylon  
  51  3:51  Probe  
  52  3:56  Probe  
  53  4:03  Probe  
  53  4:05  Gateway  
  53  4:08  Probe  
  55  4:10  Twilight Council  
  55  4:11  Blink  
  55  4:13  Assimilator  
  55  4:14  Assimilator  
  55  4:15  Probe  
  56  4:20  Probe  
  56  4:22  Gateway  
  57  4:24  Gateway  
  57  4:28  Probe  
  54  4:32  Probe  
  54  4:38  Forge  
  55  4:40  Probe  
  55  4:42  Stalker  
  55  4:45  Probe  
  59  4:46  Probe  
  59  4:52  Probe  
  61  4:57  Probe  
  61  4:58  Probe  
  63  5:04  Probe, Stalker  
  63  5:06  Stalker  
  68  5:09  Probe  
  68  5:10  Pylon, Protoss Ground Weapons Level 1  
  68  5:11  Probe  
  70  5:16  Pylon, Shield Battery, Probe  
  70  5:20  Stalker x2  
  70  5:21  Probe  
  76  5:23  Probe  
  78  5:28  Probe  
  78  5:30  Pylon  
  78  5:33  Probe  
  78  5:35  Probe  
  80  5:36  Pylon  
  80  5:43  Probe, Stalker x3  
  80  5:44  Stalker  
  80  5:46  Assimilator  
  80  5:48  Assimilator  
  89  5:51  Probe  
  90  5:59  Pylon, Probe  
  90  6:02  Shield Battery  
  89  6:04  Templar Archives  
  89  6:07  Probe x2  
  89  6:11  Stalker x4  
  93  6:12  Charge  
  99  6:18  Psionic Storm  
  99  6:22  Gateway  
  99  6:23  Gateway  
  99  6:26  Gateway  
  99  6:29  Gateway  
  99  6:38  Zealot  
  99  6:42  Zealot x2  
  99  6:51  Pylon  
  99  6:56  High Templar  
  99  7:00  Gateway  
  101  7:05  Gateway, High Templar  
  101  7:06  High Templar x2  
  101  7:08  Photon Cannon  
  107  7:09  Robotics Facility  
  107  7:13  Archon  
  107  7:23  High Templar x2  
  107  7:27  Archon  
  111  7:36  Zealot  
  111  7:37  Zealot  
  111  7:43  Zealot x4  
  111  7:47  Archon  
  105  7:56  Zealot x3  
  105  7:57  Immortal  
  105  7:58  Zealot x2  
  96  8:02  Zealot  
  90  8:07  High Templar, Zealot x3  
  102  8:15  Photon Cannon  
  102  8:17  Photon Cannon  
  102  8:19  High Templar, Shield Battery  
  104  8:20  High Templar x2  
  104  8:21  Pylon  
  104  8:22  Nexus  
  104  8:24  Pylon  
  104  8:25  High Templar, Zealot x2  
  114  8:28  Probe x2  
  114  8:31  Pylon  
  114  8:32  Observer  
  114  8:33  Probe  
  117  8:35  Pylon  
  117  8:39  Zealot x3  
  117  8:40  Zealot  
  114  8:51  Zealot x2  
  112  8:55  Immortal  
  112  9:00  Archon  
  112  9:01  Zealot x7  
  107  9:05  High Templar  
  107  9:09  Probe x3  
  109  9:14  Zealot x2, Archon  
  104  9:21  Probe x3  
  104  9:23  High Templar x3  
  107  9:27  High Templar  
  109  9:33  Probe x2, Archon  
  109  9:34  Probe x2  
  111  9:40  Zealot x5  
  111  9:45  Photon Cannon  
  125  9:46  Shield Battery  
  125  9:57  Zealot x3  
Show
View Real Time Build Order
Export as new Build Order

FalconsSolar Zerg 

Build Orders: Hatch First 

Get SALT Encoding   

  12  0:00  Drone  
  13  0:07  Drone  
  14  0:14  Extractor, Drone  
  15  0:21  Overlord  
  15  0:41  Drone  
  16  0:45  Hatchery  
  16  0:49  Drone  
  16  0:53  Drone  
  16  0:56  Drone  
  18  1:06  Extractor  
  17  1:12  Spawning Pool  
  17  1:14  Drone  
  18  1:18  Drone  
  18  1:27  Drone  
  19  1:37  Drone  
  20  1:48  Drone  
  21  1:57  Drone  
  21  1:58  Queen x2  
  21  1:59  Overlord  
  26  2:09  Drone x2  
  26  2:11  Metabolic Boost  
  28  2:20  Drone x2  
  30  2:30  Hatchery  
  30  2:32  Zergling x2  
  30  2:39  Drone  
  30  2:41  Overlord  
  31  2:46  Queen  
  31  2:49  Drone  
  35  2:51  Zergling x2  
  35  2:53  Drone  
  36  3:06  Drone  
  36  3:07  Drone x3  
  36  3:09  Overlord  
  36  3:11  Drone x3  
  43  3:14  Drone  
  43  3:18  Spore Crawler  
  43  3:24  Drone  
  43  3:26  Queen  
  44  3:28  Zergling x2  
  44  3:31  Queen  
  49  3:36  Spore Crawler, Zergling x2  
  49  3:43  Overlord  
  49  3:49  Drone x5  
  52  3:58  Queen  
  54  4:04  Zergling x6  
  54  4:07  Drone  
  57  4:11  Overlord  
  57  4:12  Drone  
  57  4:13  Drone  
  57  4:15  Zergling x2  
  60  4:20  Lair  
  60  4:23  Drone x2  
  61  4:25  Drone  
  61  4:26  Drone  
  61  4:30  Drone x2  
  63  4:36  Extractor  
  62  4:39  Drone x5  
  62  4:44  Overlord  
  67  4:46  Evolution Chamber, Drone x2  
  67  4:49  Drone x2  
  70  4:53  Drone  
  70  4:54  Drone  
  70  4:59  Drone  
  71  5:04  Drone x3  
  74  5:07  Extractor  
  74  5:09  Drone x2  
  74  5:13  Hatchery, Overlord  
  74  5:16  Overlord  
  74  5:17  Extractor, Drone x4  
  74  5:20  Extractor  
  76  5:23  Hydralisk Den  
  76  5:25  Zergling x6  
  77  5:29  Overlord  
  77  5:33  Overseer, Zergling x2  
  77  5:34  Zergling x4  
  80  5:37  Drone x2  
  80  5:41  Zergling x8  
  86  5:48  Zergling x2  
  86  5:49  Overlord  
  87  5:50  Zergling x4  
  87  5:53  Overlord  
  87  5:55  Hydralisk  
  87  5:56  Grooved Spines  
  90  5:57  Hydralisk  
  90  6:02  Hydralisk x3  
  97  6:08  Hydralisk x2  
  97  6:10  Overlord x2  
  101  6:16  Hydralisk  
  101  6:17  Hydralisk  
  104  6:25  Hydralisk x3  
  104  6:29  Zergling x12  
  115  6:32  Overlord  
  115  6:37  Hydralisk x2  
  116  6:40  Hydralisk x2  
  116  6:43  Zergling x4  
  116  6:44  Zergling x2  
  116  6:46  Muscular Augments  
  120  6:48  Hydralisk x2  
  124  6:54  Hydralisk x2  
  124  6:57  Overlord  
  124  7:00  Hydralisk  
  128  7:03  Zergling x8  
  128  7:05  Hydralisk  
  134  7:10  Hydralisk x2  
  134  7:12  Zergling x4  
  134  7:15  Hydralisk  
  142  7:17  Overlord  
  142  7:18  Hydralisk  
  142  7:21  Hydralisk  
  142  7:22  Zergling x2  
  147  7:25  Overlord  
  147  7:29  Overlord  
  141  7:39  Hydralisk x5  
  141  7:43  Hydralisk  
  140  7:47  Hydralisk  
  140  7:49  Zergling x6  
  140  7:50  Zergling x4  
  131  7:52  Hydralisk  
  131  7:54  Zergling x4  
  125  7:59  Hydralisk x2  
  125  8:00  Zergling x2  
  125  8:02  Zergling x4  
  125  8:05  Hydralisk  
  116  8:08  Hydralisk  
  116  8:10  Zergling x6  
  119  8:15  Hydralisk x2  
  119  8:18  Hydralisk  
  119  8:19  Zergling x2  
  126  8:24  Hydralisk x2  
  131  8:27  Zergling x6  
  131  8:30  Hydralisk  
  135  8:38  Hydralisk x3  
  131  8:49  Hydralisk x3  
  131  8:50  Zergling x8  
  130  8:56  Hydralisk x2  
  130  8:57  Zergling x4  
  130  9:01  Zergling x4  
  123  9:07  Hydralisk x2  
  114  9:10  Zergling x2  
  114  9:14  Hydralisk  
  98  9:17  Zergling x2  
  98  9:19  Hydralisk  
  87  9:25  Zergling x6  
  87  9:29  Hydralisk  
  92  9:32  Zergling x2  
  92  9:37  Hydralisk  
  94  9:39  Hydralisk  
  94  9:43  Zergling x6  
Tags
 
Add a new tag
Caveats
  • Supply blocks, unpowered buildings, or Contaminate may cause inaccurate times.
  • Supply counts are checked every 10 seconds.